 Dungeon Crawl Stone Soup version 0.24-a0-586-g8e0e932a4c (webtiles) character file.

Game seed: 1900355824922555144, levelgen mode: deterministic

358 MenacingMecha the Sneak (level 6, -2/35 HPs)
             Began as a Vampire Assassin on Sept 8, 2019.
             Slain by an adder (4 damage)
             ... on level 3 of the Dungeon.
             The game lasted 00:05:49 (2561 turns).

MenacingMecha the Sneak (Vampire Assassin)          Turns: 2561, Time: 00:05:49

Health: -2/35      AC:  5    Str: 11    XL:     6   Next: 37%
Magic:  6/6        EV: 17    Int: 16    God:
Gold:   111        SH:  0    Dex: 17    Spells: 5/5 levels left

rFire    . . .     SeeInvis +   a - +2 dagger
rCold    + + .     Gourm    .   (no shield)
rNeg     + + +     Faith    .   b - +0 robe
rPois    ∞         Spirit   .   t - +1 helmet {Int+3} {Int+3}
rElec    .         Reflect  .   c - +0 cloak
rCorr    .         Harm     .   (no gloves)
MR       .....                  (no boots)
Stlth    ++++++....             (no amulet)
HPRegen  0.00/turn              n - +5 ring of evasion
MPRegen  0.10/turn              (no ring)

@: bloodless, regenerating quickly
A: no food, fangs 3, see invisible, unbreathing
a: Bat Form, Revivify


You were on level 3 of the Dungeon.
You were bloodless.

You visited 1 branch of the dungeon, and saw 3 of its levels.

You collected 111 gold pieces.

Inventory:

Hand Weapons
 a - a +2 dagger (weapon)
Missiles
 d - 8 poisoned darts
 e - 2 curare-tipped darts
 k - 97 stones (quivered)
 p - 5 javelins
Armour
 b - a +0 robe (worn)
 c - a +0 cloak (worn)
 t - a +1 helmet of intelligence (worn) {Int+3}
   (You took it off Robin on level 2 of the Dungeon)
Magical Staves
 m - an uncursed staff of poison {unknown}
   (You found it on level 2 of the Dungeon)
Jewellery
 n - a +5 ring of evasion (left hand)
   (You found it on level 2 of the Dungeon)
 o - an uncursed amulet of rage {+Rage, !d}
   (You found it on level 2 of the Dungeon)
Wands
 u - a wand of digging (4)
   (You took it off Robin on level 2 of the Dungeon)
Scrolls
 f - 2 scrolls of remove curse {unknown}
 g - 2 scrolls of amnesia {unknown}
 i - 4 scrolls of identify {unknown}
 l - a scroll of blinking {unknown}
 r - a scroll of fog {unknown}
 s - a scroll of immolation {unknown}
 v - a scroll of enchant weapon {unknown}
Potions
 h - a potion of brilliance {unknown}
 j - a potion of curing {unknown}
 q - a potion of ambrosia {unknown}


   Skills:
 - Level 1.7 Fighting
 + Level 6.9 Short Blades
 + Level 1.7 Throwing
 - Level 1.1 Dodging
 - Level 7.0 Stealth


You had 5 spell levels left.
You didn't know any spells.
Your spell library was empty.

Dungeon Overview and Level Annotations

Branches:
Dungeon (3/15)

Altars:
Ru
Xom

Annotations:
D:3 Ijyb


Innate Abilities, Weirdness & Mutations

You do not eat.
You do not regenerate when monsters are visible.
You are frail without blood (-20% HP).
You are immune to poison.
You have razor-sharp teeth.
You have supernaturally acute eyesight. (SInv)
You can survive without breathing.


Message History

There is an open door here.
An ooze is nearby!
You start resting.
HP restored.
There is an open door here.
You see here a rat skeleton.
The helpless ooze fails to defend itself.
You skewer the ooze like a kebab!!!
You kill the ooze!
v - a scroll labeled WYOSIO FEODWUH You see here a bat skeleton.
There is an open door here.
There is an open door here.
You see here a kobold skeleton.
k - 61 stones (gained 1)
There is an open gate here.
Things that are here:
a +0 short sword; a kobold skeleton
There is a stone staircase leading down here.
There is an open door here.
There is a sacrificial altar of Ru here.
You open the door.
There is an open door here.
There is an open door here.
A worm comes into view.
A worm is nearby!
The worm bites you but does no damage.
You hit the worm. You bite the worm.
The worm is moderately wounded.
You hit the worm.
The worm is moderately wounded.
You hit the worm.
The worm is heavily wounded.
The worm barely misses you.
You hit the worm.
The worm is severely wounded.
You hit the worm.
The worm is almost dead.
The worm bites you.
You hit the worm.
The worm is almost dead.
You hit the worm.
You kill the worm!
You see here a worm corpse.
You can't eat.
You see here a ring mail.
k - 97 stones (gained 36)
There is a stone staircase leading up here.
Done exploring.
Done exploring.
Done exploring.
There is a stone staircase leading up here.
There is an open door here.
There is a stone staircase leading down here.
You climb downwards.
You hear the sound of rushing water.
There is an entrance to a sewer on this level.
Hurry and find it before the portal rusts away!
Marking area around Ijyb as unsafe for travelling.
A kobold and Ijyb come into view.
There is a stone staircase leading up here.
Ijyb shouts!
You hear an angry hiss.
You hit Ijyb but do no damage. You barely miss Ijyb.
The kobold throws a stone.
The stone closely misses you.
The stone hits Ijyb but does no damage.
Ijyb zaps a wand.
The bolt of acid hits you!!
Ouch! That really hurt!
You are splashed with acid!
* * * LOW HITPOINT WARNING * * *
You hit Ijyb but do no damage.
The kobold throws a stone.
The stone closely misses you.
The stone closely misses Ijyb.
You closely miss Ijyb. Ijyb hits you but does no damage.
You hit Ijyb but do no damage.
The kobold throws a stone.
The stone closely misses you.
The stone hits Ijyb.
Ijyb hits you with a +0 dagger.
* * * LOW HITPOINT WARNING * * *
An adder comes into view.
The kobold throws a stone.
The stone barely misses you. Ijyb hits you but does no damage.
A frilled lizard comes into view.
The frilled lizard moves out of view.
Ijyb hits you but does no damage. The adder misses you.
You closely miss the adder. You hit the adder.
The adder is moderately wounded.
The adder misses you.
You hit the adder but do no damage.
The adder is moderately wounded.
The adder misses you.
You closely miss the adder.
The adder is moderately wounded.
The adder bites you but does no damage.
You barely miss the adder.
The adder is moderately wounded.
The adder bites you.
* * * LOW HITPOINT WARNING * * *
You hit the adder.
The adder is severely wounded.
The adder bites you.
You die...

.l. .... ....
### ..... ...
.....# #.#
##.#..# ##.# #
.....#.###@# #.
#.....KgS##
#....#####.###
#.. #...(.#
###...###..(..#
.......<......#
..............#
..%........?..#
###...#########


You could see Ijyb, an adder and a kobold.

Vanquished Creatures
  Sigmund (D:2)
  A jelly (D:2)
  Robin (D:2)
  5 adders (D:2)
  11 oozes (D:2)
  2 worms (D:2)
  2 dart slugs
  A leopard gecko (D:2)
  A ball python (D:1)
  3 bats
  4 giant cockroaches
  8 goblins
  5 hobgoblins
  8 kobolds
  4 frilled lizards
  2 rats (D:1)
59 creatures vanquished.

Vanquished Creatures (others)
  A fungus (D:2)
  9 toadstools (D:2)
10 creatures vanquished.

Grand Total: 69 creatures vanquished

Notes
Turn   | Place    | Note
-------+----------+-------------------------------------------
     0 | D:1      | MenacingMecha the Vampire Assassin began the quest for the
                  | Orb.
     0 | D:1      | Reached XP level 1. HP: 16/16 MP: 1/1
   109 | D:1      | Reached skill level 6 in Stealth
   178 | D:1      | Reached XP level 2. HP: 12/15 MP: 2/2
   553 | D:1      | Reached skill level 7 in Stealth
   781 | D:2      | HP: 3/15 [adder (5)]
   786 | D:2      | HP: 2/15 [adder (3)]
   787 | D:2      | Reached XP level 3. HP: 2/18 MP: 3/3
   826 | D:2      | Reached skill level 3 in Short Blades
  1040 | D:2      | Found a sacrificial altar of Ru.
  1059 | D:2      | Found a shimmering altar of Xom.
  1377 | D:2      | Reached skill level 4 in Short Blades
  1377 | D:2      | Reached XP level 4. HP: 26/26 MP: 4/4
  1396 | D:2      | Noticed Sigmund
  1435 | D:2      | Killed Sigmund
  1435 | D:2      | Reached skill level 6 in Short Blades
  1435 | D:2      | Reached XP level 5. HP: 17/30 MP: 5/5
  1601 | D:2      | Noticed Robin
  1625 | D:2      | Killed Robin
  1625 | D:2      | Reached XP level 6. HP: 25/35 MP: 6/6
  2541 | D:3      | Noticed Ijyb
  2546 | D:3      | HP: 6/35 [acid (9)]
  2560 | D:3      | HP: 2/35 [adder (3)]
  2561 | D:3      | Slain by an adder

Levels and vault maps discovered:
D:1:      wheals_arrival_shading, layout_loops_ring
D:2:      cheibrodos_fertilizer, layout_basic, lemuel_round_altar,
          overflow_temple_1_default, kennysheep_nub, hangedman_glass_teeth,
          uniq_sigmund, uniq_robin
D:3:      layout_loops_cross, elyvilon_altar_5, portal_sewer_entry_f,
          first_ration, grunt_gozag_breadcrumbs, uniq_ijyb

Skill      XL: |  1  2  3  4 |
---------------+-------------+-----
Stealth        | 6 7 |  7.0
Short Blades   | 4 6 |  6.9
Fighting       | |  1.7
Throwing       | |  1.7
Dodging        | |  1.1

Action                   |  1- 3 |  4- 6 || total
-------------------------+-------+-------++-------
Melee: Dagger            |    57 |   144 ||   201
       Bite              |     3 |    10 ||    13
 Abil: Exsanguinate      |     2 |       ||     2
       Revivify          |     2 |       ||     2
 Stab: Sleeping          |    18 |     5 ||    23
       Distracted        |       |     1 ||     1
Armor: Robe              |     8 |    23 ||    31
Dodge: Dodged            |    22 |    96 ||   118

Table legend:
 A = Non-vault XP
 B = Vault XP
 C = Vault XP percentage of total XP
 D = Non-vault monster count
 E = Vault monster count
 F = Vault count percentage of total count
                 A         B        C        D         E       F
            +---------+---------+-------+---------+---------+-------
      Total |     142 |     370 |  72.3 |      35 |      24 |  40.7
            +---------+---------+-------+---------+---------+-------
        D:1 |      29 |       0 |   0.0 |      15 |       0 |   0.0
        D:2 |     113 |     370 |  76.6 |      20 |      24 |  54.5
            +---------+---------+-------+---------+---------+-------

Levels and vault maps discovered:
D:1:      wheals_arrival_shading, layout_loops_ring
D:2:      cheibrodos_fertilizer, layout_basic, lemuel_round_altar,
          overflow_temple_1_default, kennysheep_nub, hangedman_glass_teeth,
          uniq_sigmund, uniq_robin
D:3:      layout_loops_cross, elyvilon_altar_5, portal_sewer_entry_f,
          first_ration, grunt_gozag_breadcrumbs, uniq_ijyb

Table legend:
 A = Turns spent in this place as a percentage of turns spent in the entire game.
 B = Non-inter-level travel turns spent in this place as a percentage of non-inter-level travel turns spent in the entire game.
 C = Inter-level travel turns spent in this place as a percentage of turns spent in this place.
 D = Turns resting spent in this place as a percentage of non-inter-level travel turns spent in this place.
 E = Turns spent auto-exploring this place as a percentage of non-inter-level travel turns spent in this place.
 F = Non-inter-level travel turns spent in this place divided by the number of levels of this place that you've seen.
                   A       B       C       D       E      F
               +-------+-------+-------+-------+-------+----------------------
         Total | 100.0 | 100.0 |   4.0 |  20.2 |  54.0 | 819.7
       Dungeon | 100.0 | 100.0 |   4.0 |  20.2 |  54.0 | 819.7
               +-------+-------+-------+-------+-------+----------------------

Table legend:
 A = Kills in this place as a percentage of kills in entire the game.
 B = Kills by you in this place as a percentage of kills by you in the entire game.
 C = Kills by friends in this place as a percentage of kills by friends in the entire game.
 D = Other kills in this place as a percentage of other kills in the entire game.
 E = Experience gained in this place as a percentage of experience gained in the entire game.
 F = Experience gained in this place divided by the number of levels of this place that you have seen.
                   A       B       C       D       E      F
               +-------+-------+-------+-------+-------+----------------------
         Total | 100.0 | 100.0 |   N/A |   N/A | 100.0 | 170.7
       Dungeon | 100.0 | 100.0 |   N/A |   N/A | 100.0 | 170.7
               +-------+-------+-------+-------+-------+----------------------
